 Dungeon Crawl Stone Soup version 0.30-a0-322-g102857c98e (webtiles) character file.

Game seed: 5529221686345246870

1243 billz999 the Skirmisher (level 8, -1/64 HPs)
             Began as a Gnoll Hunter on Oct 27, 2022.
             Was an Initiate of Hepliaklqana.
             Killed from afar by a steam dragon (10 damage)
             ... with a ball of steam
             ... on level 6 of the Dungeon.
             The game lasted 00:11:05 (5366 turns).

billz999 the Skirmisher (Gnoll Hunter)              Turns: 5366, Time: 00:11:07

Health: -1/64      AC: 13    Str: 18    XL:     8   Next: 50%
Magic:  13/13      EV: 13    Int:  8    God:    Hepliaklqana [......]
Gold:   358        SH:  0    Dex: 17    Spells: 13/13 levels left

rFire   . . .      SeeInvis .    b - +4 dagger
rCold   . . .      Faith    .    (no shield)
rNeg    . . .      Spirit   .    i - +4 chain mail of Darkness {Will+}
rPois   .          Reflect  .    (no helmet)
rElec   .          Harm     .    (no cloak)
rCorr   .          Rampage  .    (no gloves)
Will    +....                    (no boots)
Stlth   ..........               (no amulet)
HPRegen 0.30/turn                n - +6 ring of strength
MPRegen 0.13/turn                x - +4 ring of evasion

@: no status effects
A: fangs 1, strong nose, distributed training
a: Renounce Religion


You were on level 6 of the Dungeon.
You worshipped Hepliaklqana.
Hepliaklqana was noncommittal.
You visited 1 branch of the dungeon, and saw 6 of its levels.

You collected 358 gold pieces.

Inventory:

Hand Weapons
 a - a +0 shortbow
 b - a +4 dagger (weapon)
 B - a +2 whip of flaming
Missiles
 p - 2 poisoned darts
 q - 5 atropa-tipped darts
Armour
 c - a +0 leather armour
 i - the +4 chain mail of Darkness (worn) {Will+}
   (You found it on level 6 of the Dungeon)

   Will:      It increases your willpower.
 w - a +0 scale mail
Jewellery
 n - a +6 ring of strength (left hand)
 x - a +4 ring of evasion (right hand)
Scrolls
 d - a scroll of fog
 f - 2 scrolls of amnesia
 h - a scroll of immolation
 l - a scroll of enchant weapon
 o - a scroll of enchant armour
 y - a scroll of silence
Potions
 e - a potion of haste
 g - a potion of degeneration {unknown}
 j - a potion of brilliance
 k - 4 potions of curing
 m - a potion of resistance
 t - 3 potions of flight
 u - 2 potions of attraction {unknown}
 A - a potion of ambrosia {unknown}
 C - a potion of lignification {unknown}


   Skills:
 + Level 5.8 Fighting
 + Level 3.4 Short Blades
 + Level 3.4 Long Blades
 + Level 3.4 Axes
 + Level 3.4 Maces & Flails
 + Level 3.4 Polearms
 + Level 3.4 Staves
 + Level 9.2 Ranged Weapons
 + Level 3.4 Throwing
 + Level 3.4 Armour
 + Level 5.8 Dodging
 + Level 4.2 Stealth
 + Level 3.4 Shields
 + Level 3.4 Unarmed Combat
 + Level 3.4 Spellcasting
 + Level 2.8 Conjurations
 + Level 2.8 Hexes
 + Level 2.8 Summonings
 + Level 2.8 Necromancy
 + Level 2.8 Translocations
 + Level 2.8 Transmutations
 + Level 2.8 Fire Magic
 + Level 2.8 Ice Magic
 + Level 2.8 Air Magic
 + Level 2.8 Earth Magic
 + Level 2.8 Poison Magic
 + Level 3.8 Invocations
 + Level 3.4 Evocations


You had 13 spell levels left.
You didn't know any spells.
Your spell library contained the following spells:

 Spells                   Type           Power      Damage    Failure   Level
 Sandblast                Erth           10%        2d5       77%         1
 Passwall                 Tmut/Erth      4%         N/A       88%         2
 Ozocubu's Armour         Ice            5%         N/A       98%         3
 Stone Arrow              Conj/Erth      10%        3d7       98%         3
 Metabolic Englaciation   Hex/Ice        2%         N/A       100%        5
 Simulacrum               Ice/Necr       2%         N/A       100%        6


Dungeon Overview and Level Annotations

Branches:
Dungeon (6/15)
 Temple: D:4-7

Altars:
Hepliaklqana
Uskayaw
Yredelemnul

Annotations:
D:4 3 runed translucent doors, BigDaddyOpFi's ghost, amateur MiFi


Innate Abilities, Weirdness & Mutations

You have very sharp teeth.
Your uncanny sense of smell can sniff out nearby items.
Your experience applies equally to all skills.


Message History

You bite the steam dragon, but do no damage.
The steam dragon is almost dead.
You hit the steam dragon but do no damage.
The steam dragon is almost dead.
The steam dragon barely misses you. The steam dragon closely misses you.
You hit the steam dragon but do no damage.
The steam dragon is almost dead.
The steam dragon seems less confused.
The steam dragon misses you. The steam dragon barely misses you.
You barely miss the steam dragon.
You bite the steam dragon, but do no damage.
The steam dragon is almost dead.
The steam dragon bites you but does no damage.
The steam dragon misses you.
You closely miss the steam dragon.
You punch the steam dragon, but do no damage.
The steam dragon is almost dead.
The steam dragon breathes steam at you. The ball of steam hits you.
You barely miss the steam dragon. Your bite misses the steam dragon.
The steam dragon is almost dead.
You are engulfed in a cloud of scalding steam.
The steam dragon breathes steam at you. The ball of steam hits you!
You hit the steam dragon but do no damage.
The steam dragon is almost dead.
You are engulfed in a cloud of scalding steam.
* * * LOW HITPOINT WARNING * * *
Unknown command.
You hit the steam dragon but do no damage.
The steam dragon is almost dead.
You are engulfed in a cloud of scalding steam.
* * * LOW HITPOINT WARNING * * *
The steam dragon is no longer blind.
The steam dragon bites you!
* * * LOW HITPOINT WARNING * * *
The steam dragon barely misses you.
You feel better. The steam dragon breathes steam at you.
The ball of steam hits you!
You die...

#........D.)....
...#.........)#.... ###
#..####.##.#### #.. #..#
#..####.##.## . #...
#...........# #(..
+o..........# ...
#§#######<.## ##.##.##
#..# #..§.D@#
#........... #....§§#
+........... ##......#
#.......... #...##+##
##...###..# ####..§#
##...###..## #....#
#......D...# #....#
#..........# #....#
#..........#
####..D#######..###.##.#


You could see a steam dragon (catching breath) and an orc warrior.

Vanquished Creatures
  An ice beast (D:5)
  A black bear (D:5)
  3 ogres
  A centaur (D:5)
  A necrophage (D:5)
  2 scorpions (D:5)
  A bullfrog zombie (D:4)
  A hound (D:4)
  A jelly (D:4)
  2 orc priests (D:5)
  3 iguanas
  2 orc wizards
  Natasha (twice) (D:2)
  A scorpion zombie (D:4)
  4 gnolls (D:3)
  5 adders
  2 ufetubi (D:5)
  A worm (D:2)
  4 dart slugs
  14 orcs
  8 endoplasms
  A giant cockroach (D:1)
  4 goblins
  6 hobgoblins
  6 jackals
  6 kobolds
  4 quokkas
  5 ball pythons
  3 bats
  4 frilled lizards
  8 rats
107 creatures vanquished.

Vanquished Creatures (others)
  An orc wizard (D:6)
  An orc (D:6)
  2 fungi (D:2)
  A plant (D:2)
5 creatures vanquished.

Grand Total: 112 creatures vanquished

Notes
Turn   | Place    | Note
-------+----------+-------------------------------------------
     0 | D:1      | billz999 the Gnoll Hunter began the quest for the Orb.
     0 | D:1      | Reached XP level 1. HP: 20/20 MP: 1/1
   115 | D:1      | Reached XP level 2. HP: 26/26 MP: 2/2
   634 | D:1      | Reached XP level 3. HP: 31/31 MP: 3/3
   853 | D:2      | Reached skill level 1 in Invocations
   876 | D:2      | Noticed Natasha
   888 | D:2      | Killed Natasha
   889 | D:2      | Reached skill level 1 in Short Blades
   889 | D:2      | Reached skill level 1 in Long Blades
   889 | D:2      | Reached skill level 1 in Axes
   889 | D:2      | Reached skill level 1 in Maces & Flails
   889 | D:2      | Reached skill level 1 in Polearms
   889 | D:2      | Reached skill level 1 in Staves
   889 | D:2      | Reached skill level 1 in Throwing
   889 | D:2      | Reached skill level 1 in Armour
   889 | D:2      | Reached skill level 1 in Shields
   889 | D:2      | Reached skill level 1 in Unarmed Combat
   889 | D:2      | Reached skill level 1 in Spellcasting
   889 | D:2      | Reached skill level 1 in Evocations
   889 | D:2      | Reached XP level 4. HP: 14/38 MP: 5/5
  1286 | D:2      | Found a faded altar of an unknown god.
  1343 | D:2      | Noticed Natasha
  1351 | D:2      | Killed Natasha
  1352 | D:2      | Reached skill level 1 in Conjurations
  1352 | D:2      | Reached skill level 1 in Hexes
  1352 | D:2      | Reached skill level 1 in Summonings
  1352 | D:2      | Reached skill level 1 in Necromancy
  1352 | D:2      | Reached skill level 1 in Translocations
  1352 | D:2      | Reached skill level 1 in Transmutations
  1352 | D:2      | Reached skill level 1 in Fire Magic
  1352 | D:2      | Reached skill level 1 in Ice Magic
  1352 | D:2      | Reached skill level 1 in Air Magic
  1352 | D:2      | Reached skill level 1 in Earth Magic
  1352 | D:2      | Reached skill level 1 in Poison Magic
  1514 | D:2      | Reached XP level 5. HP: 43/43 MP: 7/7
  1880 | D:3      | Noticed a +0 short sword
  1881 | D:3      | Noticed a +0 dagger
  1981 | D:3      | Noticed a +0 spear
  1982 | D:3      | Noticed a +0 dagger
  1982 | D:3      | Noticed a +0 falchion
  1982 | D:3      | Noticed a +0 falchion
  1983 | D:3      | Noticed a +0 spear
  1983 | D:3      | Noticed a +0 short sword
  2026 | D:3      | Found a hide-covered altar of Uskayaw.
  2310 | D:4      | Found a runed translucent gate.
  2310 | D:4      | Found a runed translucent gate.
  2310 | D:4      | Found a runed translucent gate.
  2310 | D:4      | Noticed BigDaddyOpFi's ghost (amateur MiFi)
  2312 | D:4      | Found a basalt altar of Yredelemnul.
  2328 | D:4      | Reached XP level 6. HP: 36/50 MP: 8/8
  2395 | D:4      | Reached skill level 5 in Fighting
  2395 | D:4      | Reached skill level 5 in Dodging
  2536 | D:4      | Found a hazy altar of Hepliaklqana.
  2541 | D:4      | Became a worshipper of Hepliaklqana the Forgotten
  3433 | D:5      | Entered Level 5 of the Dungeon
  3436 | D:5      | Reached XP level 7. HP: 44/56 MP: 10/10
  3887 | D:5      | Reached skill level 9 in Ranged Weapons
  4177 | D:5      | Reached XP level 8. HP: 51/63 MP: 12/12
  5078 | D:6      | Identified the +4 chain mail of Darkness {Will+}
  5365 | D:6      | HP: 3/64 [steam dragon (9)]
  5366 | D:6      | Killed from afar by a steam dragon

Illustrated notes

Levels and vault maps discovered:
D:1:      tarquinn_simple_flora_water_c, layout_loops_ring
D:2:      layout_rooms, dreamdust_ecumenical_altar_grove, st_stairs_7,
          minmay_randomly_rotated_circles, uniq_natasha
D:3:      layout_loops_ring, nicolae_uskayaw_en_pointe,
          nicolae_concentric_dashed_squares_wild, minmay_crystal_water,
          moated_statue
D:4:      layout_basic, nicolae_yredelemnul_ghost_church,
          nicolae_hepliaklqana_hippocampus, mrwooster_statue_mirror
D:5:      layout_gridville
D:6:      layout_gridville

Skill      XL: |  1  2  3  4  5  6  7  8 |
---------------+-------------------------+-----
Invocations    | 1 2 3 |  3.8
Short Blades   | 1 2 3 |  3.4
Long Blades    | 1 2 3 |  3.4
Axes           | 1 2 3 |  3.4
Maces & Flails | 1 2 3 |  3.4
Polearms       | 1 2 3 |  3.4
Staves         | 1 2 3 |  3.4
Throwing       | 1 2 3 |  3.4
Armour         | 1 2 3 |  3.4
Shields        | 1 2 3 |  3.4
Unarmed Combat | 1 2 3 |  3.4
Spellcasting   | 1 2 3 |  3.4
Evocations     | 1 2 3 |  3.4
Conjurations   | 1 2 |  2.8
Hexes          | 1 2 |  2.8
Summonings     | 1 2 |  2.8
Necromancy     | 1 2 |  2.8
Translocations | 1 2 |  2.8
Transmutations | 1 2 |  2.8
Fire Magic     | 1 2 |  2.8
Ice Magic      | 1 2 |  2.8
Air Magic      | 1 2 |  2.8
Earth Magic    | 1 2 |  2.8
Poison Magic   | 1 2 |  2.8
Stealth        | 3 4 |  4.2
Fighting       | 5 |  5.8
Dodging        | 5 |  5.8
Ranged Weapons | 9 |  9.2

Action                   |  1- 3 |  4- 6 |  7- 9 || total
-------------------------+-------+-------+-------++-------
Melee: Dagger            |     9 |       |   112 ||   121
       Bite              |       |       |    23 ||    23
       Punch             |       |       |     4 ||     4
 Fire: Shortbow          |    71 |   144 |    97 ||   312
Throw: Throwing net      |       |       |     2 ||     2
       Dart              |       |       |     3 ||     3
Evoke: Wand              |       |     1 |     9 ||    10
  Use: Potion            |     1 |       |     3 ||     4
       Scroll            |       |     7 |     8 ||    15
 Stab: Invisible         |       |       |     1 ||     1
Armor: Leather armour    |     7 |     8 |    17 ||    32
       Chain mail        |       |       |    17 ||    17
Dodge: Dodged            |    21 |    34 |   121 ||   176

Table legend: (Time is in decaauts)
 A = Elapsed time spent in this place.
 B = Non-inter-level travel time spent in this place.
 C = Inter-level travel time spent in this place.
 D = Time resting spent in this place.
 E = Time spent auto-exploring this place.
 F = Levels seen in this place.
 G = Mean time per level.
                   A        B        C        D        E       F      G
               +--------+--------+--------+--------+--------+-----+--------+
         Total |   5384 |   5210 |    174 |   1168 |   3285 |   6 |  897.3 |
       Dungeon |   5384 |   5210 |    174 |   1168 |   3285 |   6 |  897.3 |
               +--------+--------+--------+--------+--------+-----+--------+

Top non-repeatable levels by time:
     D:5: 1476 daAuts
     D:4: 1321 daAuts
     D:2: 856 daAuts
     D:1: 721 daAuts
     D:3: 702 daAuts
     D:6: 306 daAuts
